 Dungeon Crawl Stone Soup version 0.17-a0-1397-g0eee0a3 (console) character file.

238 utis the Poker (level 6, -4/37 HPs)
             Began as a Tengu Fighter on June 17, 2015.
             Slain by Crazy Yiuf
             ... wielding a +3 quarterstaff of chaos
              (12 damage)
             ... on level 2 of the Dungeon.
             The game lasted 00:06:36 (2909 turns).

utis the Poker (Tengu Fighter)                      Turns: 2909, Time: 00:06:37

Health: -4/37      AC:  6    Str: 16    XL:     6   Next: 7%
Magic:  6/7        EV:  8    Int: 11    God:
Gold:   113        SH:  9    Dex: 13    Spells: 0 memorised, 5 levels left

rFire  . . .     SeeInvis .     a - +0 trident
rCold  . . .     Clarity  .     b - +0 scale mail
rNeg   . . .     SustAt   .     c - +0 shield
rPois  .         Gourm    .     (helmet restricted)
rElec  .         Spirit   .     (no cloak)
rCorr  .         Warding  .     (no gloves)
rMut   .         Stasis   .     (boots unavailable)
MR     .....                    (no amulet)
Stlth  ..........               (no ring)
                                (no ring)

@: lethally poisoned (-4 -> -7), flying quickly and evasively, slowed, very
slow, not resistant to hostile enchantments, extremely unstealthy
A: beak, talons 3, able to fly 1
a: no special abilities


You were on level 2 of the Dungeon.
You were not hungry.

You visited 1 branch of the dungeon, and saw 2 of its levels.

You collected 113 gold pieces.

Inventory:

Hand weapons
 a - a +0 trident (weapon)
Missiles
 d - 13 poisoned needles
 k - 63 stones (quivered)
 t - 2 throwing nets {=f}
 v - 7 needles of sleeping
Armour
 b - a +0 scale mail (worn)
 c - a +0 shield (worn)
 r - a +0 helmet
 s - a +0 pair of boots
Scrolls
 i - a scroll of identify
 j - a scroll of teleportation {unknown}
 m - a scroll of random uselessness {unknown}
 n - 3 scrolls of remove curse {unknown}
 o - a scroll of noise {unknown}
 p - a scroll of blinking {unknown}
Potions
 l - a potion of haste
 q - a potion of heal wounds {unknown}
 u - a potion of lignification {unknown}
Comestibles
 e - a bread ration
 g - a slice of pizza
 h - 3 meat rations


   Skills:
 - Level 3.0 Fighting
 - Level 6.7 Polearms
 + Level 3.3 Armour
 + Level 0.0 Dodging
 - Level 3.0 Shields


You had 5 spell levels left.
You didn't know any spells.

Dungeon Overview and Level Annotations

Branches:
Dungeon (2/15)

Altars:
Ashenzari
Gozag
Nemelex Xobeh

Annotations:
D:2 Crazy Yiuf


Innate Abilities, Weirdness & Mutations

You have a beak for a mouth.
You have claws for feet.
You can fly.


Message History

You hit Crazy Yiuf. You claw Crazy Yiuf, but do no damage.
Crazy Yiuf is heavily wounded.
You feel sick.
Crazy Yiuf zaps a wand.
You resist with some effort.
You hit Crazy Yiuf. Your kick misses Crazy Yiuf. Your peck misses Crazy Yiuf.
Crazy Yiuf is severely wounded.
You feel sick.
Crazy Yiuf zaps a wand.
You resist with some effort.
Crazy Yiuf zaps a wand.
You feel as though you will be slow longer.
You completely miss Crazy Yiuf.
Crazy Yiuf is severely wounded.
You feel sick.
Crazy Yiuf cries, "Liver light sallow!"
You block Crazy Yiuf's attack.
Your shield and scale mail prevent you from hitting Crazy Yiuf.
You claw Crazy Yiuf, but do no damage. You peck Crazy Yiuf.
Crazy Yiuf is severely wounded.
Crazy Yiuf hits you with a quarterstaff of chaos!
* * * LOW HITPOINT WARNING * * *
Crazy Yiuf hits you with a quarterstaff of chaos!
You die...

▓.▓▓....▓ ▓▓.▓▓ ▓.▓▓▓
▓▓▓.▓.....▓ ▓.⚵⚵▓▓ ▓....
▓.........▓ ▓g.⚵.▓ ▓▓▓▓▓
▓.▓.▓.....▓ ▓....▓ ▓
▓.▓.......▓ ▓....▓▓▓▓▓▓▓▓▓▓▓
▓.▓..▓▓▓▓.▓ ▓....▓▓..)....).
▓.▓..▓▓▓▓.▓▓▓...▓▓▓.▓▓▓▓▓▓▓▓
▓.▓..▓▓....<▓.....▓.▓
▓.▓..▓▓....Q▓..▓▓.▓.▓
▓.▓.........g..▓▓.▓.▓
▓.▓▓.▓▓.....▓▓.▓▓.▓.▓
▓.▓▓.▓▓.....▓▓.▓▓.▓.▓
▓▓.▓▓........)..▓▓.▓.▓
▓..▓▓..▓▓▓▓.▓▓▓.▓▓.▓.▓
▓.▓▓▓..▓ ▓.▓ ▓.▓▓.▓.▓ ▓.▓
▓..▓ ▓.▓ ▓.▓▓.▓.▓ ▓.▓ ▓..▓
▓▓.▓▓▓.▓▓.▓.▓▓▓▓▓▓


You could see Crazy Yiuf.

Vanquished Creatures
  Sigmund (D:2)
  Robin (D:2)
  2 worms (D:2)
  3 ball pythons (D:2)
  6 hobgoblins
  4 jackals (D:2)
  10 bats
  A giant cockroach (D:2)
  5 giant newts
  14 goblins
  9 kobolds
  11 rats
67 creatures vanquished.

Notes
Turn   | Place    | Note
--------------------------------------------------------------
     0 | D:1      | utis the Tengu Fighter began the quest for the Orb.
     0 | D:1      | Reached XP level 1. HP: 14/14 MP: 2/2
   318 | D:1      | Reached XP level 2. HP: 19/19 MP: 3/3
  1090 | D:2      | Reached XP level 3. HP: 23/23 MP: 4/4
  1215 | D:2      | Found an opulent altar of Gozag.
  1218 | D:2      | Found a sparkling altar of Nemelex Xobeh.
  1222 | D:2      | Reached skill level 4 in Polearms
  1242 | D:2      | Found a shattered altar of Ashenzari.
  1502 | D:2      | Noticed Robin
  1912 | D:2      | Killed Robin
  1912 | D:2      | Reached XP level 4. HP: 21/28 MP: 5/5
  2457 | D:2      | Noticed Sigmund
  2466 | D:2      | Killed Sigmund
  2466 | D:2      | Reached skill level 6 in Polearms
  2466 | D:2      | Gained mutation: You can fly. [Tengu growth]
  2466 | D:2      | Reached XP level 5. HP: 3/32 MP: 6/6
  2466 | D:2      | Reached XP level 6. HP: 3/37 MP: 7/7
  2861 | D:2      | Noticed Crazy Yiuf
  2909 | D:2      | Slain by Crazy Yiuf

Vault maps used:
D:1:      evilmike_arrival_hilbert_curve
D:2:      grunt_temple_overflow_diamond, uniq_robin, uniq_sigmund,
          uniq_crazy_yiuf_cottage

Action                   |  1- 3 |  4- 6 || total
-------------------------+-------+-------++-------
Melee: Trident           |   155 |    54 ||   209
Throw: Stone             |    34 |    15 ||    49
 Abil: Fly               |       |     1 ||     1
  Use: Scroll            |     1 |       ||     1
       Potion            |       |     1 ||     1
  Eat: Chunk             |     3 |     4 ||     7
